Map: Prion Terraces

Players

lesha - Winner!

  • Race: Terran Terran

A.I. 1 (Harder)

  • Race: Zerg Zerg

VOD

Have the link to the VOD?

Description

Time

  • Played on: Dec. 4, 2015, 9:46 p.m.
  • Length: 17:11
Show
View Real Time Build Order
Export as new Build Order

lesha Terran - Winner!

Build Orders: MMM Bio 

Get SALT Encoding   

  12  0:01  SCV  
  13  0:14  SCV  
  13  0:18  Supply Depot  
  14  0:28  SCV  
  15  0:40  SCV  
  15  0:41  Barracks  
  16  0:59  SCV  
  17  1:07  Refinery  
  17  1:11  SCV  
  18  1:23  SCV  
  19  1:27  Command Center  
  19  1:35  Orbital Command  
  19  1:39  Marine  
  20  1:52  Supply Depot  
  20  2:04  SCV  
  20  2:07  Refinery  
  20  2:16  SCV  
  21  2:28  SCV  
  22  2:32  Factory  
  22  2:40  SCV  
  22  2:41  Marine  
  24  2:46  Bunker  
  24  2:55  Orbital Command  
  24  2:57  SCV  
  25  3:02  Marine  
  26  3:10  SCV  
  27  3:19  Starport  
  27  3:20  Factory Tech Lab  
  27  3:22  SCV  
  27  3:24  Marine  
  29  3:27  SCV  
  29  3:34  SCV  
  31  3:39  SCV  
  32  3:42  Supply Depot, Marine  
  32  3:46  SCV  
  34  3:52  SCV  
  35  4:00  Barracks  
  35  4:02  Factory Reactor  
  36  4:03  Banshee  
  36  4:05  Cloaking Field  
  36  4:09  Barracks Reactor  
  38  4:18  SCV x2  
  38  4:21  Barracks  
  40  4:25  Refinery  
  40  4:29  Refinery  
  40  4:30  SCV x2  
  42  4:35  Engineering Bay  
  42  4:37  Engineering Bay  
  42  4:42  SCV  
  42  4:43  SCV  
  44  4:46  Marine x3  
  44  4:50  Hellion x2  
  44  4:51  Banshee  
  54  4:57  Supply Depot  
  54  5:14  Supply Depot x2  
  54  5:15  Supply Depot  
  54  5:18  Marine x2  
  56  5:23  Supply Depot  
  56  5:36  Barracks Reactor x2  
  56  5:41  Barracks Tech Lab  
  56  5:42  Marine  
  56  5:43  Marine  
  56  5:47  Hellion x2  
  62  6:02  Marine x2  
  64  6:05  Marauder  
  64  6:07  Stimpack  
  66  6:12  Terran Infantry Weapons Level 1  
  66  6:13  Terran Infantry Armor Level 1  
  66  6:20  Barracks  
  66  6:21  Barracks  
  66  6:24  Barracks  
  66  6:27  Command Center  
  66  6:29  SCV x2  
  68  6:41  SCV  
  58  7:16  Marine x3  
  58  7:17  Marauder  
  58  7:18  Marine  
  58  7:21  Hellion x2  
  64  7:23  Medivac  
  64  7:37  Supply Depot  
  64  7:39  Supply Depot, Marauder  
  64  7:40  Supply Depot  
  64  7:41  Supply Depot x2  
  64  7:42  Barracks Reactor x3  
  64  7:44  Marine x4  
  70  7:53  Medivac  
  72  8:00  Marine  
  72  8:01  Marine  
  72  8:02  Marine x3  
  72  8:04  Starport  
  77  8:07  Combat Shields  
  77  8:17  Marine  
  77  8:19  Marine x2  
  79  8:20  Marine  
  79  8:23  Medivac  
  79  8:26  Armory  
  83  8:27  Marine x5  
  83  8:28  Marine x2  
  90  8:35  Marine  
  91  8:49  Orbital Command  
  91  8:50  Supply Depot  
  91  8:51  Supply Depot  
  91  8:53  Medivac  
  93  8:57  Marine x3  
  93  8:58  Marine  
  93  8:59  Command Center  
  97  9:13  Supply Depot  
  97  9:14  Supply Depot  
  97  9:28  Missile Turret  
  97  9:46  SCV x3  
  97  9:50  Marine x5  
  97  9:51  Marine x3  
  110  9:52  Missile Turret  
  110  9:53  Marauder  
  110  9:54  Marine  
  110  9:55  Marine  
  110  9:58  SCV x3, Medivac  
  117  10:05  Terran Infantry Weapons Level 2  
  117  10:06  Terran Infantry Armor Level 2  
  117  10:08  Marine x3  
  117  10:09  Marine x2  
  122  10:21  Marine x5  
  122  10:22  Marine  
  122  10:23  Missile Turret  
  122  10:26  Marine x4  
  122  10:27  Marine  
  133  10:28  Medivac  
  133  10:33  Starport Reactor  
  135  10:39  SCV, Marine x3  
  139  10:45  Missile Turret  
  139  10:48  Marine x2  
  139  10:49  Marine x6  
  147  10:51  SCV  
  147  10:56  Marine  
  147  10:57  Marine x2  
  149  10:58  Medivac  
  149  11:03  SCV  
  154  11:06  Marine x2  
  154  11:09  Missile Turret  
  152  11:15  SCV  
  145  11:25  Marine x7  
  149  11:26  Marine x4  
  149  11:27  SCV  
  149  11:28  Medivac x3  
  163  11:36  Refinery  
  163  11:38  Refinery  
  163  11:40  SCV x2  
  163  11:41  SCV x2  
  163  11:42  Marine x2  
  163  11:43  Marine x7  
  163  11:44  Marine x2  
  178  11:58  Medivac x2  
  178  12:00  Barracks, Marine x3  
  178  12:01  Marine x6  
  186  12:02  Marine x2  
  193  12:18  Marine x2  
  196  12:26  Marine  
  196  12:27  Marine  
  189  12:40  Marine  
  189  12:41  Medivac x3  
  195  12:49  Barracks  
  195  13:08  Marine  
  196  13:16  Medivac  
  196  13:19  Command Center  
  196  13:20  Marine x2  
  196  13:26  Command Center  
  196  13:40  Marine x2  
  196  13:42  Marine x2  
  196  13:47  Marine  
  196  14:31  Marine x4  
Show
View Real Time Build Order
Export as new Build Order

A.I. 1 (Harder) Zerg 

Build Orders: Pool First 

Get SALT Encoding   

  12  0:00  Drone  
  13  0:12  Overlord  
  13  0:17  Drone  
  14  0:30  Drone x2  
  16  0:43  Spawning Pool  
  16  0:44  Drone  
  16  0:48  Drone  
  17  0:52  Extractor  
  17  0:55  Drone  
  17  1:06  Overlord  
  17  1:31  Zergling x2  
  17  1:32  Queen  
  20  1:35  Roach Warren  
  20  1:38  Drone  
  20  1:40  Zergling x2  
  20  1:41  Extractor  
  20  1:49  Drone  
  21  2:00  Drone  
  22  2:10  Overlord  
  22  2:21  Drone  
  23  2:32  Roach  
  25  2:39  Drone  
  25  2:41  Overlord, Roach  
  28  2:50  Roach  
  30  3:00  Roach  
  32  3:06  Overlord  
  32  3:10  Roach  
  36  3:20  Roach  
  36  3:29  Roach  
  38  3:36  Overlord  
  38  3:38  Roach  
  40  3:47  Roach  
  42  3:51  Drone  
  43  3:55  Drone  
  43  3:57  Roach  
  43  4:01  Drone  
  47  4:12  Baneling Nest, Drone  
  47  4:14  Drone, Roach  
  50  4:21  Overlord  
  52  4:24  Roach  
  52  4:31  Evolution Chamber  
  51  4:34  Roach  
  53  4:45  Roach  
  55  4:46  Drone x3  
  58  6:22  Lair, Overlord  
  58  6:23  Zerg Melee Weapons Level 1  
  58  6:24  Spore Crawler  
  57  6:26  Spore Crawler  
  57  6:29  Hatchery  
  55  6:45  Drone  
  56  6:51  Overlord  
  56  7:01  Spine Crawler  
  53  7:02  Zergling x2  
  53  7:06  Drone  
  49  7:08  Drone  
  49  7:13  Drone  
  41  7:18  Roach  
  41  7:19  Queen  
  41  7:22  Hydralisk Den  
  34  7:25  Roach  
  32  7:32  Roach  
  34  7:39  Roach  
  34  7:42  Burrow, Overseer  
  36  7:44  Drone  
  36  7:47  Roach  
  36  7:48  Drone x2  
  36  7:49  Drone x3  
  44  7:53  Drone  
  44  7:54  Roach  
  44  7:56  Drone  
  48  7:59  Drone  
  48  8:01  Roach  
  48  8:02  Drone  
  52  8:05  Drone  
  53  8:12  Hydralisk  
  53  8:13  Drone  
  53  8:17  Zerg Ground Armor Level 1  
  56  8:23  Drone  
  56  8:24  Drone  
  56  8:25  Hydralisk  
  56  8:26  Drone x2  
  62  8:34  Drone  
  62  8:35  Roach  
  65  8:45  Hydralisk  
  65  8:46  Muscular Augments  
  67  8:52  Hydralisk  
  69  8:56  Spine Crawler  
  69  8:59  Hydralisk  
  69  9:01  Spine Crawler  
  69  9:02  Spore Crawler  
  68  9:03  Drone  
  68  9:05  Drone  
  68  9:07  Roach  
  68  9:09  Spore Crawler  
  71  9:10  Drone  
  71  9:13  Hydralisk  
  71  9:14  Queen  
  76  9:19  Overseer  
  76  9:21  Infestation Pit, Roach  
  77  9:30  Spire  
  76  9:31  Drone  
  76  9:33  Evolution Chamber, Drone  
  77  9:40  Spine Crawler  
  77  9:43  Drone, Spine Crawler  
  77  9:45  Drone  
  77  9:58  Zerg Missile Weapons Level 1  
  77  10:11  Extractor  
  76  10:16  Drone, Extractor  
  76  10:19  Overlord, Overseer  
  76  10:28  Pneumatized Carapace  
  76  10:29  Hydralisk  
  76  10:32  Overseer  
  76  10:33  Hydralisk  
  80  10:37  Overlord, Drone  
  80  10:38  Drone x3  
  80  10:40  Hatchery  
  83  10:44  Drone  
  83  10:46  Infestor  
  86  10:56  Overlord  
  86  11:09  Zerg Melee Weapons Level 2  
  86  11:10  Zergling x2  
  82  11:14  Roach  
  56  11:19  Roach  
  56  11:23  Roach  
  60  11:27  Hydralisk  
  60  11:31  Hydralisk, Overseer  
  64  11:36  Roach  
  66  11:40  Roach  
  66  11:45  Roach  
  70  11:48  Hydralisk  
  70  11:53  Drone, Hydralisk  
  70  11:54  Drone x3  
  77  11:55  Drone  
  77  11:57  Hydralisk  
  77  11:58  Drone  
  77  12:00  Drone  
  83  12:02  Hydralisk  
  83  12:05  Overlord  
  83  12:08  Drone  
  86  12:10  Drone  
  86  12:12  Drone  
  86  12:13  Drone  
  89  12:17  Roach  
  86  12:29  Overlord  
  72  12:33  Hatchery  
  72  12:34  Overseer  
  53  12:49  Overlord  
  53  12:52  Overlord  
  53  12:53  Drone  
  53  12:58  Drone  
  53  13:03  Overseer  
  53  13:10  Hydralisk  
  53  13:11  Overlord  
  55  13:15  Roach  
  55  13:18  Hydralisk  
  54  13:20  Overseer  
  54  13:24  Hydralisk  
  51  13:29  Zergling x4  
  51  13:32  Mutalisk  
  51  13:33  Roach, Zergling x2  
  35  13:43  Drone  
  35  13:44  Drone x2  
  32  13:51  Drone  
Tags
 
Composition
MMM Bio
Matchup
TvZ
Opening
Pool First
Add a new tag
Caveats
  • Supply blocks, unpowered buildings, or Contaminate may cause inaccurate times.
  • Supply counts are checked every 10 seconds.